3AA
FT. POLK SOUTH THUNDER HAWKS @ RICHLAND RAILS
07/17/2025
 
TOP OF THE 1ST
Ft. Polk South Thunder Hawks batting - Pitching for Richland Rails : RHP Gary Kellenberger
Pitching: RHP Gary Kellenberger
Batting: RHB Néstor Berino 0-0: Ball
1-0: Ball
2-0: Called Strike
2-1: Ball
3-1: SINGLE (Flyball, 78S)
Batting: RHB David Phipps 0-0: Swinging Strike
0-1: Called Strike
0-2: Strikes out swinging
Batting: RHB Iván Hernández 0-0: Swinging Strike
0-1: Grounds into double play, 4-6-3 (Groundball, 4)
Top of the 1st over - 0 run(s), 1 hit(s), 0 error(s), 0 left on base; Ft. Polk South 0 - Richland 0
BOTTOM OF THE 1ST
Richland Rails batting - Pitching for Ft. Polk South Thunder Hawks : RHP Quentin Bowers
Pitching: RHP Quentin Bowers
Batting: LHB Roberto Soto 0-0: Fly out, F5 (Popup, 5)
Batting: RHB Rubén Hernández 0-0: Swinging Strike
0-1: Fly out, F8 (Flyball, 78D)
Batting: RHB Roberto Ríos 0-0: Called Strike
0-1: Called Strike
0-2: Strikes out swinging
Bottom of the 1st over - 0 run(s), 0 hit(s), 0 error(s), 0 left on base; Ft. Polk South 0 - Richland 0
TOP OF THE 2ND
Ft. Polk South Thunder Hawks batting - Pitching for Richland Rails : RHP Gary Kellenberger
Batting: RHB Jesús Hernández 0-0: Ball
1-0: Foul Ball, location: 2F
1-1: SINGLE (Groundball, 56D)
Batting: RHB César Villarreal 0-0: Ball
1-0: Ball
2-0: Foul Ball, location: 2F
2-1: Ball
3-1: 2-RUN HOME RUN (Flyball, 7D), Distance : 348 ft
Batting: RHB José Sosa 0-0: Called Strike
0-1: Ball
1-1: Ball
2-1: Foul Ball, location: 2F
2-2: SINGLE (Groundball, 56D)
Batting: RHB Pablo Marrero 0-0: Ball
1-0: Called Strike
1-1: Called Strike
1-2: Fly out, F7 (Flyball, 7)
Batting: RHB Rob Morse 0-0: Swinging Strike
0-1: Fly out, F9 (Flyball, 9)
Batting: RHB Pedro Méndez 0-0: Swinging Strike
0-1: Ball
1-1: Fielders Choice at 2nd, 6-4 (Groundball, 6)
Top of the 2nd over - 2 run(s), 3 hit(s), 0 error(s), 0 left on base; Ft. Polk South 2 - Richland 0
BOTTOM OF THE 2ND
Richland Rails batting - Pitching for Ft. Polk South Thunder Hawks : RHP Quentin Bowers
Batting: SHB Jasper Otto 0-0: Ball
1-0: Ground out 4-3 (Groundball, 4S)
Batting: RHB Jung-hwan Kwon 0-0: Ball
1-0: Ball
2-0: Ground out 6-3 (Groundball, 6)
Batting: LHB Jorge Greenbaum 0-0: Ball
1-0: Swinging Strike
1-1: Ball
2-1: Foul Ball, location: 2F
2-2: Ground out 3-1 (Groundball, 34)
Bottom of the 2nd over - 0 run(s), 0 hit(s), 0 error(s), 0 left on base; Ft. Polk South 2 - Richland 0
TOP OF THE 3RD
Ft. Polk South Thunder Hawks batting - Pitching for Richland Rails : RHP Gary Kellenberger
Batting: RHB Néstor Berino 0-0: Ball
1-0: Ball
2-0: Ground out U3 (Groundball, 3L)
Batting: RHB David Phipps 0-0: Ball
1-0: Foul Ball, location: 2F
1-1: Foul Ball, location: 2F
1-2: Fly out, F8 (Line Drive, 8LS)
Batting: RHB Iván Hernández 0-0: Ball
1-0: Called Strike
1-1: Swinging Strike
1-2: Strikes out swinging
Top of the 3rd over - 0 run(s), 0 hit(s), 0 error(s), 0 left on base; Ft. Polk South 2 - Richland 0
BOTTOM OF THE 3RD
Richland Rails batting - Pitching for Ft. Polk South Thunder Hawks : RHP Quentin Bowers
Batting: RHB Daryl Moran 0-0: Called Strike
0-1: Foul Ball, location: 2F
0-2: Ball
1-2: Foul Ball, location: 2F
1-2: Ball
2-2: Ball
3-2: DOUBLE (Line Drive, 78D)
Batting: LHB Orlando Casillas 0-0: SINGLE (Flyball, 8LS)
Daryl Moran to third
Batting: RHB Vicente Cruz 0-0: Called Strike
0-1: Ball
1-1: Foul Ball, location: 2F
1-2: Foul Ball, location: 2F
1-2: Fly out, F9 (Flyball, 9LSF)
Runner from 3rd tags up, SCORES, no throw
Batting: LHB Roberto Soto 0-0: Ball
1-0: Ball
2-0: Fly out, F6 (Flyball, 56D)
Batting: RHB Rubén Hernández 0-0: DOUBLE (Flyball, 78XD)
Orlando Casillas to third
Batting: RHB Roberto Ríos 0-0: Ball
1-0: Ball
2-0: Called Strike
2-1: Ball
3-1: Called Strike
3-2: SINGLE (Flyball, 78S)
Orlando Casillas scores
Rubén Hernández to third
Rubén Hernández scores
Batting: SHB Jasper Otto 0-0: Ball
1-0: Ball
2-0: Called Strike
2-1: Ball
3-1: Base on Balls
Roberto Ríos to second
Batting: RHB Jung-hwan Kwon 0-0: Ball
1-0: Fly out, F9 (Flyball, 89M)
Bottom of the 3rd over - 3 run(s), 4 hit(s), 0 error(s), 2 left on base; Ft. Polk South 2 - Richland 3
TOP OF THE 4TH
Ft. Polk South Thunder Hawks batting - Pitching for Richland Rails : RHP Gary Kellenberger
Batting: RHB Jesús Hernández 0-0: Ball
1-0: Ball
2-0: Ball
3-0: Called Strike
3-1: Called Strike
3-2: Foul Ball, location: 2F
3-2: SINGLE (Groundball, 34D)
Batting: RHB César Villarreal 0-0: Ball
1-0: Called Strike
1-1: Ball
2-1: Fly out, F3 (Popup, 3S)
Batting: RHB José Sosa 0-0: Foul Ball, location: 2F
0-1: Swinging Strike
0-2: Ball
1-2: Ball
2-2: Ball
3-2: Foul Ball, location: 2F
3-2: Base on Balls
Jesús Hernández to second
Batting: RHB Pablo Marrero 0-0: Ball
1-0: Fly out, F7 (Flyball, 7)
Batting: RHB Rob Morse 0-0: Called Strike
0-1: Ball
1-1: Fielders Choice at 2nd, 5-4 (Groundball, 5L)
Top of the 4th over - 0 run(s), 1 hit(s), 0 error(s), 1 left on base; Ft. Polk South 2 - Richland 3
BOTTOM OF THE 4TH
Richland Rails batting - Pitching for Ft. Polk South Thunder Hawks : RHP Quentin Bowers
Batting: LHB Jorge Greenbaum 0-0: Ball
1-0: Foul Ball, location: 2F
1-1: Ball
2-1: Ball
3-1: Called Strike
3-2: Ground out 3-1 (Groundball, 34)
Batting: RHB Daryl Moran 0-0: Ball
1-0: Ball
2-0: Foul Ball, location: 2F
2-1: Ground out 4-3 (Groundball, 4M)
Batting: LHB Orlando Casillas 0-0: Called Strike
0-1: Ball
1-1: Ball
2-1: Ball
3-1: Fly out, F8 (Flyball, 89M)
Bottom of the 4th over - 0 run(s), 0 hit(s), 0 error(s), 0 left on base; Ft. Polk South 2 - Richland 3
TOP OF THE 5TH
Ft. Polk South Thunder Hawks batting - Pitching for Richland Rails : RHP Gary Kellenberger
Batting: RHB Pedro Méndez 0-0: Called Strike
0-1: Called Strike
0-2: Hit by Pitch
Batting: RHB Néstor Berino 0-0: Ball
1-0: Sac Bunt - play at second, runner OUT! 5-6
Batting: RHB David Phipps 0-0: Ball
1-0: Ball
2-0: Ball
3-0: Called Strike
3-1: Base on Balls
Néstor Berino to second
Batting: RHB Iván Hernández 0-0: Ball
1-0: Fly out, F9 (Flyball, 9LM)
Batting: RHB Jesús Hernández 0-0: Called Strike
0-1: Called Strike
0-2: Ball
1-2: Foul Ball, location: 2F
1-2: Ball
2-2: Ball
3-2: Foul Ball, location: 2F
3-2: Ground out 6-3 (Groundball, 6M)
Top of the 5th over - 0 run(s), 0 hit(s), 0 error(s), 2 left on base; Ft. Polk South 2 - Richland 3
BOTTOM OF THE 5TH
Richland Rails batting - Pitching for Ft. Polk South Thunder Hawks : RHP Quentin Bowers
Batting: RHB Vicente Cruz 0-0: Ground out 6-3 (Groundball, 6)
Batting: LHB Roberto Soto 0-0: Called Strike
0-1: Ground out U3 (Groundball, 34)
Batting: RHB Rubén Hernández 0-0: Ball
1-0: Ground out 5-3 (Groundball, 5S)
Bottom of the 5th over - 0 run(s), 0 hit(s), 0 error(s), 0 left on base; Ft. Polk South 2 - Richland 3
TOP OF THE 6TH
Ft. Polk South Thunder Hawks batting - Pitching for Richland Rails : RHP Gary Kellenberger
Batting: RHB César Villarreal 0-0: Ball
1-0: Ball
2-0: Ground out 4-3 (Groundball, 4)
Pitching: LHP Carlos Barajas
Batting: RHB José Sosa 0-0: Ball
1-0: Fly out, F8 (Line Drive, 8LM)
Batting: RHB Pablo Marrero 0-0: Foul Ball, location: 2F
0-1: Called Strike
0-2: Ball
1-2: Ground out 6-3 (Groundball, 6M)
Top of the 6th over - 0 run(s), 0 hit(s), 0 error(s), 0 left on base; Ft. Polk South 2 - Richland 3
BOTTOM OF THE 6TH
Richland Rails batting - Pitching for Ft. Polk South Thunder Hawks : RHP Quentin Bowers
Batting: RHB Roberto Ríos 0-0: Ball
1-0: Called Strike
1-1: Fly out, F8 (Flyball, 8LS)
Batting: SHB Jasper Otto 0-0: Fly out, F7 (Flyball, 7LS)
Batting: RHB Jung-hwan Kwon 0-0: Ball
1-0: Foul Ball, location: 2F
1-1: Foul Ball, location: 2F
1-2: Ball
2-2: Foul Ball, location: 2F
2-2: Foul Ball, location: 2F
2-2: Ball
3-2: Foul Ball, location: 2F
3-2: Fly out, F7 (Flyball, 7LMF)
Bottom of the 6th over - 0 run(s), 0 hit(s), 0 error(s), 0 left on base; Ft. Polk South 2 - Richland 3
TOP OF THE 7TH
Ft. Polk South Thunder Hawks batting - Pitching for Richland Rails : LHP Carlos Barajas
Batting: RHB Rob Morse 0-0: Foul Ball, location: 2F
0-1: Ground out 6-3 (Groundball, 56)
Batting: RHB Pedro Méndez 0-0: Foul Ball, location: 2F
0-1: Ball
1-1: DOUBLE (Line Drive, 78D)
Batting: RHB Néstor Berino 0-0: Fly out, F8 (Flyball, 8RS)
Batting: RHB David Phipps 0-0: Swinging Strike
0-1: Ground out 5-3 (Groundball, 56)
Top of the 7th over - 0 run(s), 1 hit(s), 0 error(s), 1 left on base; Ft. Polk South 2 - Richland 3
BOTTOM OF THE 7TH
Richland Rails batting - Pitching for Ft. Polk South Thunder Hawks : RHP Quentin Bowers
Batting: LHB Jorge Greenbaum 0-0: Ball
1-0: Swinging Strike
1-1: Single, Error in OF, E7, batter to second base
Batting: RHB Daryl Moran 0-0: Ball
1-0: Ball
2-0: Ball
3-0: Base on Balls
Pitching: LHP Jim Unknown
Batting: LHB Orlando Casillas 0-0: Ball
1-0: Called Strike
1-1: Ball
2-1: Bunted foul
2-2: Fly out, F7 (Line Drive, 78S)
Batting: RHB Vicente Cruz 0-0: Fly out, F9 (Flyball, 9LM)
Pinch Hitting: RHB Kazu Hishida 0-0: Foul Ball, location: 2F
0-1: Fly out, F8 (Flyball, 8RM)
Bottom of the 7th over - 0 run(s), 1 hit(s), 1 error(s), 2 left on base; Ft. Polk South 2 - Richland 3
TOP OF THE 8TH
Ft. Polk South Thunder Hawks batting - Pitching for Richland Rails : LHP Carlos Barajas
Pitching: RHP Luis Bejarano
Now at SS: Kazu Hishida
Now in RF: Bernardo Cruz
Batting: RHB Iván Hernández 0-0: Ball
1-0: Ball
2-0: SINGLE (Groundball, 56S) (infield hit)
Pinch Hitting: LHB Jim Unknown 0-0: Ball
1-0: Foul Ball, location: 2F
1-1: Foul Ball, location: 2F
1-2: DOUBLE (Flyball, 78XD)
Iván Hernández to third
Runner from 3rd tries for Home, SAFE, no throw
Pinch Hitting: SHB Ted Hansen 0-0: Intentional Walk
Batting: RHB José Sosa 0-0: Ball
1-0: Fielders Choice at 2nd, 6-4 (Groundball, 6)
Jim Unknown to third
Batting: RHB Pablo Marrero 0-0: Called Strike
0-1: Ball
José Sosa steals 2nd base
1-1: Intentional Walk
Batting: RHB Rob Morse 0-0: Ball
1-0: SINGLE (Groundball, 6MD)
Jim Unknown scores
José Sosa to third
Pablo Marrero to second
Runner from 3rd tries for Home, SAFE, throw made home
Pablo Marrero to third
Rob Morse to second
Batting: RHB Pedro Méndez 0-0: Intentional Walk
Pitching: RHP Rick Kennedy
Batting: RHB Néstor Berino 0-0: Ball
1-0: Called Strike
1-1: Swinging Strike
1-2: Ball
2-2: Ball
Wild Pitch!
Pablo Marrero scores
Rob Morse to third
Pedro Méndez to second
3-2: Strikes out looking
Batting: RHB David Phipps 0-0: Called Strike
0-1: Called Strike
0-2: Ball
1-2: Foul Ball, location: 2F
1-2: Ball
2-2: Ball
3-2: Foul Ball, location: 2F
3-2: Base on Balls
Batting: RHB Iván Hernández 0-0: Foul Ball, location: 2F
0-1: Ball
1-1: Ground out 3-1 (Groundball, 34S)
Top of the 8th over - 4 run(s), 3 hit(s), 0 error(s), 3 left on base; Ft. Polk South 6 - Richland 3
BOTTOM OF THE 8TH
Richland Rails batting - Pitching for Ft. Polk South Thunder Hawks : LHP Jim Unknown
Now at 3B: Guomez Nabeiro
Now in LF: Jim Unknown
Batting: RHB Rubén Hernández 0-0: Called Strike
0-1: Ball
1-1: Swinging Strike
1-2: Ball
2-2: SINGLE (Line Drive, 56D)
Pitching: RHP Júlio Palácios
Batting: RHB Roberto Ríos 0-0: SINGLE (Flyball, 9LS)
Rubén Hernández to second
Pitching: LHP Jason Hoskins
Batting: SHB Jasper Otto 0-0: Ball
1-0: Foul Ball, location: 2F
1-1: Ball
2-1: Foul Ball, location: 2F
2-2: Ball
3-2: Strikes out swinging
Pitching: RHP Randall McLean
Batting: RHB Jung-hwan Kwon 0-0: Ball
1-0: Foul Ball, location: 2F
1-1: Swinging Strike
1-2: Ball
2-2: Foul Ball, location: 2F
2-2: Foul Ball, location: 2F
2-2: Foul Ball, location: 2F
2-2: SINGLE (Flyball, 3D)
Rubén Hernández to third
Roberto Ríos to second
Batting: LHB Jorge Greenbaum 0-0: Ball
1-0: Foul Ball, location: 2F
1-1: Ball
2-1: Swinging Strike
2-2: Fly out, F9 (Flyball, 9S)
Pinch Hitting: LHB Chris Stoltzfus 0-0: Ball
1-0: Foul Ball, location: 2F
1-1: Foul Ball, location: 2F
1-2: Ball
2-2: Fielders Choice at 2nd, 6-4 (Groundball, 6)
Bottom of the 8th over - 0 run(s), 3 hit(s), 0 error(s), 2 left on base; Ft. Polk South 6 - Richland 3
TOP OF THE 9TH
Ft. Polk South Thunder Hawks batting - Pitching for Richland Rails : RHP Rick Kennedy
Pitching: LHP An Jang-Yop
Now in RF: Chris Stoltzfus
Batting: LHB Jim Unknown 0-0: Foul Ball, location: 2F
0-1: Swinging Strike
0-2: Ball
1-2: Strikes out swinging
Pitching: LHP Jim Unknown
Batting: LHB Guomez Nabeiro 0-0: SINGLE (Line Drive, 4MD)
Batting: RHB José Sosa 0-0: Called Strike
0-1: Called Strike
0-2: Ball
1-2: Strikes out swinging
Batting: RHB Pablo Marrero 0-0: SINGLE (Groundball, 25) (infield hit)
Guomez Nabeiro to second
Batting: RHB Rob Morse 0-0: Called Strike
0-1: Foul Ball, location: 2F
0-2: Ball
1-2: Ball
2-2: Ball
3-2: Strikes out looking
Top of the 9th over - 0 run(s), 2 hit(s), 0 error(s), 2 left on base; Ft. Polk South 6 - Richland 3
BOTTOM OF THE 9TH
Richland Rails batting - Pitching for Ft. Polk South Thunder Hawks : RHP Randall McLean
Pitching: LHP Jim Unknown
Batting: LHB Orlando Casillas 0-0: Ball
1-0: Ground out 4-3 (Groundball, 4)
Batting: RHB Vicente Cruz 0-0: Ball
1-0: Swinging Strike
1-1: Foul Ball, location: 2F
1-2: Ground out 6-3 (Groundball, 6S)
Batting: RHB Kazu Hishida 0-0: Foul Ball, location: 2F
0-1: Ball
1-1: Ball
2-1: Ball
3-1: Foul Ball, location: 2F
3-2: Foul Ball, location: 2F
3-2: Strikes out swinging
Bottom of the 9th over - 0 run(s), 0 hit(s), 0 error(s), 0 left on base; Ft. Polk South 6 - Richland 3
Friday, December 30th, 2016 - OOTP Baseball 17.12 Build 75